 Dungeon Crawl Stone Soup version 0.26.0-10-g1f06aea511 (webtiles) character file.

Game seed: 14785016265201484709

51792 MajorAdolf the Covert (level 14, -2/129 HPs)
             Began as a Naga Wanderer on Jan 17, 2021.
             Was an Initiate of Gozag.
             Slain by a wolf (9 damage)
             ... on level 15 of the Dungeon.
             The game lasted 00:56:39 (31854 turns).

MajorAdolf the Covert (Naga Wanderer)              Turns: 31854, Time: 00:56:40

Health: -2/129     AC: 12    Str: 18    XL:     14   Next: 61%
Magic:  10/27      EV: 14    Int: 22    God:    Gozag
Gold:   734        SH:  9    Dex:  7    Spells: 19/31 levels left

rFire    + . .     SeeInvis +   q - +1 hand axe (venom)
rCold    + . .     Faith    .   F - +0 kite shield
rNeg     . . .     Spirit   .   T - +1 leather armour of Jegureez {Str+3 Int+5 Dex-4 SInv} (curse)
rPois    +         Reflect  .   U - +1 helmet {SInv}
rElec    .         Harm     .   y - scarf {rC+ rF+}
rCorr    .         Rampage  .   c - +2 pair of gloves
Will     +....                  (no barding)
Stlth    +++++.....             (no amulet)
HPRegen  0.31/turn              l - ring of wizardry
MPRegen  0.20/turn              e - +4 ring of evasion

@: very slow
A: large, see invisible, deformed body, poison resistance, slowness 2, spit
poison 1, constrict 1, AC +4
a: Spit Poison, Renounce Religion, Potion Petition, Call Merchant, Bribe Branch


You were on level 15 of the Dungeon.
You worshipped Gozag.
Gozag was pleased with you.
You visited 2 branches of the dungeon, and saw 16 of its levels.
You also visited: Bailey.

You collected 4449 gold pieces.
You spent 1325 gold pieces at shops.
You paid 2390 gold pieces to Gozag.

Inventory:

Hand Weapons
 q - a +1 hand axe of venom (weapon)
 N - a +0 dagger of holy wrath
Missiles
 t - 50 poisoned darts
Armour
 c - a +2 pair of gloves (worn)
 g - a +0 buckler
 h - a +0 chain mail
 y - a scarf of resistance (worn)
 C - a +1 robe of cold resistance
 F - a +0 kite shield (worn)
 T - the cursed +1 leather armour of Jegureez (worn) {Str+3 Int+5 Dex-4 SInv}
   (You bought it in a shop on level 7 of the Dungeon)

   It affects your strength (+3).
   It affects your intelligence (+5).
   It affects your dexterity (-4).
   It lets you see invisible.
   It has a curse placed upon it.
 U - a +1 helmet of see invisible (worn)
 V - a +2 cloak of willpower
Jewellery
 e - a +4 ring of evasion (right hand)
 l - a ring of wizardry (left hand)
 B - an uncursed ring of resist corrosion
Wands
 j - a wand of enslavement (4)
 w - a wand of flame (36)
 x - a wand of paralysis (8)
 E - a wand of digging (4)
 K - a wand of iceblast (18)
Scrolls
 a - a scroll of teleportation
 f - 17 scrolls of remove curse
 k - a scroll of silence
 o - 9 scrolls of identify
 v - 2 scrolls of fog
 z - a scroll of magic mapping
 M - 5 scrolls of amnesia
 Q - 3 scrolls of enchant armour
Potions
 b - a potion of mutation {unknown}
 d - 3 potions of curing
 m - a potion of ambrosia
 n - 8 potions of haste
 p - a potion of cancellation
 r - 7 potions of flight
 s - 2 potions of magic
 u - 2 potions of heal wounds
 A - 2 potions of degeneration
 G - 2 potions of lignification
 H - a potion of resistance {unknown}
Miscellaneous
 i - a phial of floods (inert)


   Skills:
 - Level 9.0 Fighting
 - Level 2.0 Polearms
 - Level 1.0 Throwing
 - Level 1.5 Armour
 - Level 7.0 Dodging
 + Level 14.3 Stealth
 * Level 5.2 Shields
 + Level 9.4 Spellcasting
 - Level 6.0 Conjurations
 + Level 6.6 Transmutations
 + Level 13.7 Earth Magic
 - Level 9.0 Evocations


You had 19 spell levels left.
You knew the following spells:

 Your Spells              Type           Power        Failure   Level
a - Stone Arrow           Conj/Erth      100%         1%          3
b - Lee's Rapid Deconstr  Erth           31%          1%          5
c - Petrify               Tmut/Erth      53%          1%          4

Your spell library contained the following spells:

 Spells                   Type           Power        Failure   Level
 Foxfire                  Conj/Fire      92%          1%          1
 Magic Dart               Conj           100%         1%          1
 Sandblast                Erth           100%         1%          1
 Passwall                 Tmut/Erth      44%          1%          2
 Searing Ray              Conj           72%          1%          2
 Conjure Flame            Conj/Fire      23%          6%          3
 Dazzling Flash           Conj/Hex       46%          6%          3
 Static Discharge         Conj/Air       23%          6%          3
 Animate Skeleton         Necr           20%          7%          1
 Pain                     Necr           40%          7%          1
 Mephitic Cloud           Conj/Pois/Air  19%          9%          3
 Blink                    Tloc           N/A          11%         2
 Call Imp                 Summ           10%          11%         2
 Slow                     Hex            10%          11%         2
 Irradiate                Conj/Tmut      19%          14%         5
 Inner Flame              Hex/Fire       10%          21%         3
 Vampiric Draining        Necr           5%           21%         3
 Fulminant Prism          Conj/Hex       11%          21%         4
 Iskenderun's Mystic Bla  Conj/Tloc      23%          21%         4
 Sticky Flame             Conj/Fire      23%          21%         4
 Fireball                 Conj/Fire      11%          45%         5
 Animate Dead             Necr           5%           52%         4
 Agony                    Necr           10%          86%         5


Dungeon Overview and Level Annotations

Branches:
Dungeon (15/15)            Temple (1/1) D:7            Lair (0/6) D:10
    Orc (0/2) D:9          Vaults (0/5) D:13         Bailey (visited)
 Depths: D:15

Altars:
Ashenzari
Cheibriados
Dithmenos
Elyvilon
Fedhas
Gozag
Hepliaklqana
Kikubaaqudgha
Makhleb
Nemelex Xobeh
Okawaru
Qazlal
Ru
Sif Muna
Trog
Uskayaw
Vehumet
Wu Jian
Xom
Yredelemnul
Zin
The Shining One
Beogh
Lugonu

Shops:
D:2 *   D:7 }[   D:11 ?   D:14 =

Annotations:
D:12 2 transporters, Dirian's ghost, journeyman HOFi
D:15 Louise


Innate Abilities, Weirdness & Mutations

You cannot wear boots.
Your serpentine skin is tough. (AC +4)
You have supernaturally acute eyesight. (SInv)
Armour fits poorly on your strangely shaped body.
Your system is resistant to poisons. (rPois)
You cover ground very slowly.
You can spit poison.
You can use your snake-like lower body to constrict enemies.


Message History

You block the wolf's attack.
Unknown command.
You miss the rakshasa.
The wolf howls!
Your grab misses the rakshasa.
The rakshasa is lightly wounded.
You hit the wolf but do no damage.
The wolf is poisoned.
You hit the wolf but do no damage.
The wolf looks even sicker.
You kill the wolf!
The wolf's corpse shimmers and vanishes!
You block the wolf's attack. The rakshasa barely misses you.
Okay, then.
You closely miss the rakshasa. Your grab misses the rakshasa.
The rakshasa is lightly wounded.
You hit the ice beast. You hit the wolf. The wolf misses you.
The rakshasa weaves an illusion.
The ice beast shimmers and seems to become two!
You block the wolf's attack. The wolf bites you!
You die...
Your body crumbles into a pile of gold.

#.#.....#.
#.........
#..≈....≈.
#...≈≈≈≈..
##..≈≈≈≈≈≈
#..≈≈≈≈≈≈
#Y.≈≈≈≈≈.
##Y.≈≈≈≈.≈
#@RY...≈.≈
#hhh......
#.....#.##
######..#
#.# .# .


You could see a rakshasa, 3 ice beasts and 3 wolves.

Vanquished Creatures
  Rupert (D:12)
  A sphinx (D:11)
  A fire giant (D:11)
  An ettin (D:11)
  Harold (D:7)
  A great orb of eyes (D:13)
  4 boulder beetles
  A hydra (D:12)
  A hydra (shapeshifter) (D:11)
  4 vault guards
  A centaur warrior (D:9)
  7 two-headed ogres
  4 skeletal warriors
  5 unseen horrors
  Pikel (D:5)
  10 ugly things
  A wolf spider (shapeshifter) (D:12)
  5 cyclopes
  A wolf spider zombie (D:13)
  A manticore (D:11)
  Joseph (D:9)
  2 gargoyles
  An efreet (D:14)
  Maggie (D:7)
  A komodo dragon (D:12)
  6 meliai (D:12)
  6 trolls
  2 hornets
  9 slime creatures
  4 shadows
  Sigmund (D:2)
  A wyvern (D:15)
  A centaur simulacrum (D:11)
  A basilisk (D:12)
  5 wraiths (D:9)
  Eustachio (D:5)
  27 yaks
  A water moccasin (D:12)
  A necrophage (D:13)
  13 orc warriors
  3 ice beasts
  2 black bears
  2 eyes of draining
  4 sky beasts
  A hornet zombie (D:8)
  5 ogres
  A phantom (D:9)
  6 centaurs
  A boggart (D:11)
  3 big kobolds
  2 gnoll sergeants
  11 bullfrogs
  A wyvern skeleton (D:14)
  5 scorpions
  A wight (D:10)
  3 howler monkeys
  3 centaur zombies
  A quasit (D:9)
  5 hounds (D:9)
  5 jellies
  A bullfrog zombie (D:10)
  3 centaur skeletons
  A gnoll shaman (D:7)
  11 orc priests
  13 orc wizards
  A bullfrog skeleton (D:13)
  11 worker ants
  4 iguanas
  A killer bee zombie (D:9)
  A hound zombie (D:7)
  2 worker ant zombies
  12 adders
  17 gnolls
  A howler monkey skeleton (D:7)
  A shadow imp (D:5)
  6 white imps
  An ufetubus (D:5)
  2 adder zombies
  4 adder skeletons
  2 worms
  4 dart slugs
  7 leopard geckos
  48 orcs
  3 giant cockroaches
  12 goblins
  8 hobgoblins
  12 jackals
  18 kobolds
  4 quokkas
  2 ball pythons (D:4)
  14 bats
  8 frilled lizards
  A leopard gecko zombie (D:8)
  A quokka skeleton (D:5)
  11 rats
450 creatures vanquished.

Vanquished Creatures (collateral kills)
  An orc wizard (D:8)
  An orc (D:8)
  A leopard gecko zombie (D:8)
3 creatures vanquished.

Vanquished Creatures (others)
  3 fungi (D:15)
  A plant (D:15)
  5 withered plants (D:3)
9 creatures vanquished.

Grand Total: 462 creatures vanquished

Notes
Turn   | Place    | Note
-------+----------+-------------------------------------------
     0 | D:1      | MajorAdolf the Naga Wanderer began the quest for the Orb.
     0 | D:1      | MajorAdolf set off with the following items: a +2 dagger, a
                  | potion of berserk rage, a +0 ring mail, a potion of curing
     0 | D:1      | Reached XP level 1. HP: 21/21 MP: 1/1
   424 | D:1      | Reached XP level 2. HP: 13/28 MP: 2/2
  1073 | D:1      | Reached skill level 1 in Dodging
  1246 | D:1      | Reached XP level 3. HP: 34/34 MP: 3/3
  1271 | D:1      | Reached skill level 4 in Stealth
  1377 | D:2      | Found a stormy altar of Qazlal.
  1390 | D:2      | Found a faded altar of an unknown god.
  1502 | D:2      | Found Gozag's Platinum Reserve.
  1507 | D:2      | Noticed Sigmund
  1544 | D:2      | Killed Sigmund
  1545 | D:2      | Reached skill level 5 in Stealth
  1545 | D:2      | Reached XP level 4. HP: 34/44 MP: 4/4
  1545 | D:2      | Reached XP level 5. HP: 39/50 MP: 5/5
  1561 | D:2      | Found an opulent altar of Gozag.
  1877 | D:2      | Reached skill level 6 in Stealth
  1880 | D:2      | Reached XP level 6. HP: 51/58 MP: 6/6
  2133 | D:2      | Found a sparkling altar of Nemelex Xobeh.
  2160 | D:2      | Became a worshipper of Gozag Ym Sagoz the Greedy
  2199 | D:2      | Found a bloodstained altar of Trog.
  2313 | D:2      | Found a hazy altar of Hepliaklqana.
  2435 | D:3      | Found an ancient bone altar of Kikubaaqudgha.
  2553 | D:3      | Noticed a +0 dagger
  2553 | D:3      | Noticed a +0 hand axe
  2556 | D:3      | Found a hide-covered altar of Uskayaw.
  2792 | D:3      | Found a radiant altar of Vehumet.
  3961 | D:4      | Found a burning altar of Makhleb.
  4118 | D:5      | Entered Level 5 of the Dungeon
  4167 | D:5      | Reached skill level 5 in Fighting
  4167 | D:5      | Reached skill level 1 in Evocations
  4167 | D:5      | Reached XP level 7. HP: 44/67 MP: 7/7
  4521 | D:5      | Reached skill level 7 in Stealth
  4524 | D:5      | Found a sacrificial altar of Ru.
  5168 | D:5      | Noticed Pikel
  5190 | D:5      | Killed Pikel
  5191 | D:5      | Reached skill level 8 in Stealth
  5191 | D:5      | Reached skill level 1 in Spellcasting
  5191 | D:5      | Reached XP level 8. HP: 18/75 MP: 7/10
  6208 | D:6      | Found a glowing silver altar of Zin.
  6208 | D:6      | Found a white marble altar of Elyvilon.
  6209 | D:6      | Found a glowing golden altar of the Shining One.
  6643 | D:6      | Found a shimmering altar of Xom.
  6955 | D:6      | Noticed Eustachio
  6986 | D:5      | Killed Eustachio
  7441 | D:7      | Found Lodwuj's Gadget Emporium.
  7523 | D:7      | Noticed Maggie
  7534 | D:7      | Killed Maggie
  7535 | D:7      | Reached skill level 9 in Stealth
  7535 | D:7      | Reached XP level 9. HP: 59/85 MP: 13/13
  7538 | D:7      | Noticed a hornet
  7547 | D:7      | Killed a hornet
  7749 | D:8      | Found a flagged portal.
  7762 | Bailey   | Entered a bailey
  7762 | Bailey   | Noticed an orc knight
  8301 | D:7      | Found a basalt altar of Yredelemnul.
  8304 | D:7      | Noticed Harold
  8317 | D:7      | Killed Harold
  8318 | D:7      | Reached skill level 5 in Dodging
  8318 | D:7      | Reached skill level 10 in Stealth
  8327 | D:7      | Reached skill level 5 in Evocations
  8621 | D:7      | Found a staircase to the Ecumenical Temple.
  8725 | D:7      | Reached XP level 10. HP: 94/94 MP: 16/16
  8859 | Temple   | Entered the Ecumenical Temple
  8943 | D:7      | Bought a wand of iceblast (10) for 168 gold pieces
  8943 | D:7      | Bought a wand of iceblast (10) for 168 gold pieces
 11095 | D:9      | Noticed a two-headed ogre
 11107 | D:9      | Killed a two-headed ogre
 11108 | D:9      | Reached skill level 11 in Stealth
 11108 | D:9      | Reached skill level 5 in Spellcasting
 11554 | D:9      | Found a snail-covered altar of Cheibriados.
 11681 | D:9      | Learned a level 3 spell: Stone Arrow
 11689 | D:10     | Entered Level 10 of the Dungeon
 11689 | D:10     | Noticed a two-headed ogre
 11690 | D:10     | Noticed a two-headed ogre
 11701 | D:9      | Killed a two-headed ogre
 11862 | D:10     | Reached skill level 1 in Earth Magic
 12029 | D:10     | Reached XP level 11. HP: 103/103 MP: 19/19
 12047 | D:10     | Reached skill level 5 in Earth Magic
 12529 | D:10     | Noticed an unseen horror
 12550 | D:10     | Killed an unseen horror
 12654 | D:10     | Noticed a two-headed ogre
 12662 | D:10     | Killed a two-headed ogre
 12836 | D:10     | Noticed an unseen horror
 12853 | D:10     | Killed an unseen horror
 12995 | D:10     | Reached skill level 1 in Conjurations
 13009 | D:10     | Found a staircase to the Lair.
 13081 | D:10     | Killed a two-headed ogre
 13924 | D:10     | Noticed an unseen horror
 14035 | D:10     | Learned a level 5 spell: Lee's Rapid Deconstruction
 14040 | D:10     | Learned a level 4 spell: Petrify
 14074 | D:10     | Killed an unseen horror
 14304 | D:10     | Reached skill level 1 in Transmutations
 14696 | D:7      | Bought an ancient hat for 243 gold pieces
 14696 | D:7      | Bought a faintly glowing robe for 153 gold pieces
 14696 | D:7      | Bought an ancient leather armour for 189 gold pieces
 14696 | D:7      | Bought a glowing helmet for 202 gold pieces
 14696 | D:7      | Bought a glowing cloak for 202 gold pieces
 14705 | D:7      | Identified the +1 hat "Cyuripoc" {rPois rF- rCorr} (You
                  | bought it in a shop on level 7 of the Dungeon)
 14730 | D:7      | Identified the +2 robe of the Leaf {+Blink Will+ Dex+3}
                  | (You bought it in a shop on level 7 of the Dungeon)
 14754 | D:7      | Identified the cursed +1 leather armour of Jegureez {Str+3
                  | Int+5 Dex-4 SInv} (You bought it in a shop on level 7 of
                  | the Dungeon)
 15222 | D:9      | Noticed a cyclops
 15230 | D:9      | Killed a cyclops
 15231 | D:9      | Reached skill level 10 in Earth Magic
 15617 | D:9      | Reached XP level 12. HP: 106/110 MP: 17/23
 15621 | D:9      | Noticed Joseph
 15641 | D:9      | Killed Joseph
 15644 | D:9      | Noticed a centaur warrior
 15667 | D:9      | Killed a centaur warrior
 16520 | D:9      | Found the +5 scythe "Finisher" {speed, eviscerate}
 16823 | D:9      | Found a staircase to the Orcish Mines.
 17526 | D:11     | Noticed a two-headed ogre
 18004 | D:11     | Reached skill level 1 in Shields
 18013 | D:11     | Noticed a two-headed ogre
 18336 | D:10     | Killed a two-headed ogre
 18337 | D:10     | Reached skill level 12 in Stealth
 18741 | D:11     | Noticed a sphinx
 18741 | D:11     | Noticed a boulder beetle
 18992 | D:10     | Killed a boulder beetle
 19069 | D:11     | Killed a sphinx
 19561 | D:11     | Identified the Incunabulum of Combat Magic
 19663 | D:11     | Noticed an ettin
 19671 | D:11     | Killed an ettin
 19811 | D:11     | Noticed a boulder beetle
 19822 | D:11     | Killed a boulder beetle
 19836 | D:11     | Noticed an anaconda
 19837 | D:11     | Noticed an ettin
 19837 | D:11     | an anaconda changed into an ettin
 19837 | D:11     | Noticed an alligator
 19837 | D:11     | an ettin changed into an alligator
 19842 | D:11     | an alligator changed into a torpor snail
 19843 | D:11     | Gained mutation: You can use your snake-like lower body to
                  | constrict enemies. [Naga growth]
 19843 | D:11     | Reached XP level 13. HP: 27/118 MP: 11/25
 20171 | D:11     | Noticed a spark wasp
 20171 | D:11     | a snapping turtle changed into a spark wasp
 20173 | D:11     | a spark wasp changed into an anaconda
 20348 | D:11     | Noticed a great orb of eyes
 20349 | D:11     | a great orb of eyes changed into an eight-headed hydra
 20601 | D:11     | Reached skill level 5 in Conjurations
 20770 | D:11     | Noticed a fire giant
 20777 | D:11     | Killed a fire giant
 23222 | D:12     | Found a transporter.
 23228 | D:12     | Noticed Dirian's ghost (journeyman HOFi)
 23231 | D:12     | Found a shimmering altar of Xom.
 23301 | D:12     | Found a transporter.
 23660 | D:12     | Reached skill level 13 in Stealth
 24241 | D:12     | Found a roughly hewn altar of Beogh.
 25273 | D:11     | Reached skill level 5 in Transmutations
 26245 | D:13     | Noticed Rupert
 26252 | D:13     | Noticed a great orb of eyes
 27666 | D:12     | Noticed an ettin
 27667 | D:12     | an ettin changed into a wolf spider
 27854 | D:12     | Killed Rupert
 27855 | D:12     | Reached XP level 14. HP: 82/129 MP: 8/26
 29404 | D:13     | Found a gate to the Vaults.
 29436 | D:13     | Reached skill level 14 in Stealth
 30339 | D:14     | Reached skill level 5 in Shields
 31797 | D:15     | Entered Level 15 of the Dungeon
 31824 | D:15     | Noticed Louise
 31851 | D:15     | HP: 6/129 [rakshasa/+0 whip (16)]
 31854 | D:15     | Slain by a wolf

Illustrated notes

Levels and vault maps discovered:
D:1:      doesnt_arrival_eight_statues, layout_loops_ring, serial_forest,
          infiniplex_forest_end_2, infiniplex_forest_zigzag_1,
          infiniplex_forest_lined_room_2, infiniplex_forest_fountain,
          infiniplex_forest_clump_diagonal
D:2:      minmay_recursive_quarters, layout_rooms, nzn_hepliaklqana_mist_gate,
          nicolae_gozag_zags_fifth_avenue, grunt_temple_overflow_open,
          grunt_qazlal_clouds, chequers_ecumenical_altar_simple, uniq_sigmund
D:3:      layout_basic, dancing_weapons_uskayaw, kiku_gazebo_garden_becter,
          general_overflow_altar
D:4:      layout_rooms, lightli_temple_of_fire, minmay_crystal_water,
          hangedman_decor_clover_reticule
D:5:      layout_loops_corners, hangedman_ru_absence, uniq_pikel
D:6:      layout_basic, good_gods_mini_temple, kennysheep_little_box,
          uniq_eustachio
D:7:      layout_rooms, yredelemnul_altar_generic, temple_statues, serial_shops,
          shop, minmay_manual_monolith, uniq_maggie, uniq_harold
D:8:      layout_loops_ring, enter_bailey_4
D:9:      minmay_the_grid_plus [minmay_the_grid_square_x,
          minmay_the_grid_diamond_grid, minmay_the_grid_empty,
          minmay_the_grid_large_cup, minmay_the_grid_prize_four_corners],
          layout_stronghold, cheibriados_altar_1, david_orc_4,
          minmay_guarded_unrand_finisher, uniq_joseph
D:10:     layout_gridville, lair_entry_dummy, kennysheep_generic_room_9
D:11:     minmay_chopped_fan, layout_rooms, grunt_ministairs_15,
          minmay_starry_boxes
D:12:     layout_roguey, special_room [special_room_orc], nzn_ghost_randoct,
          xom_teletrap_fun
D:13:     layout_small_grid, lightli_vaults_fourway_checkpoint, uniq_rupert
D:14:     layout_roguey, hangedman_abyss_or_decor_stagger
D:15:     grunt_enter_depths_magical_seal, layout_loops_cross, fedhas_altar_3,
          serial_ice, serial_ice_d, serial_ice_o, serial_ice_j, serial_ice_b,
          serial_ice_f, serial_ice_a, minmay_misc_feat_ornament,
          grunt_dithmenos_shadows, uniq_louise
Temple:   corrupted_temple

Skill      XL: |  1  2  3  4  5  6  7  8  9 10 11 12 13 14 |
---------------+-------------------------------------------+-----
Dodging        | 1 2 3 4 5 6 7 |  7.0
Stealth        | 5 6 8 9 10 11 12 13 14 | 14.3
Fighting       | 4 5 6 7 8 9 |  9.0
Evocations     | 1 2 3 5 7 8 9 |  9.0
Spellcasting   | 1 3 4 5 7 8 9 |  9.4
Earth Magic    | 3 10 12 13 | 13.7
Conjurations   | 3 4 6 |  6.0
Transmutations | 2 3 5 6 |  6.6
Shields        | 2 3 5 |  5.2
Polearms       | |  2.0
Throwing       | |  1.0
Armour         | |  1.5

Action                   |  1- 3 |  4- 6 |  7- 9 | 10-12 | 13-15 || total
-------------------------+-------+-------+-------+-------+-------++-------
Melee: Dagger            |   103 |    82 |       |       |       ||   185
       Hand axe          |       |   171 |   196 |   646 |   363 ||  1376
       Constrict         |       |       |       |       |    69 ||    69
 Cast: Stone Arrow       |       |       |       |   115 |   166 ||   281
       Petrify           |       |       |       |    23 |    21 ||    44
       Lee's Rapid Decon |       |       |       |    11 |    37 ||    48
Invok: Call Merchant     |       |       |     1 |       |     2 ||     3
 Abil: Spit Poison       |     4 |     3 |     4 |     5 |     3 ||    19
Evoke: Wand              |       |       |    14 |    26 |    21 ||    61
       Phial of floods   |       |       |       |       |     3 ||     3
  Use: Scroll            |       |       |    14 |    16 |     7 ||    37
       Potion            |       |       |       |     3 |     5 ||     8
 Stab: Sleeping          |     1 |       |     2 |     5 |     4 ||    12
       Paralysed         |       |       |       |    35 |       ||    35
       Distracted        |       |       |       |     4 |     2 ||     6
       Petrified         |       |       |       |    43 |    14 ||    57
       Petrifying        |       |       |       |     1 |     1 ||     2
Armor: Ring mail         |    10 |       |       |       |       ||    10
       Chain mail        |    40 |   204 |    98 |       |       ||   342
       Leather armour    |       |       |    32 |   330 |   135 ||   497
       Skin              |       |       |       |    30 |       ||    30
Dodge: Dodged            |    30 |    94 |   100 |   477 |   337 ||  1038
Block: Buckler           |       |       |       |    13 |    66 ||    79
       Kite shield       |       |       |       |       |    43 ||    43
